Map: Ruinas de Endión

Players

xXkazperXx - Winner!

  • Race: Zerg Zerg
  • League: Bronze

RANURA DE IA (Fácil)

  • Race: Zerg Zerg

VOD

Have the link to the VOD?

Description

Time

  • Played on: April 6, 2016, 1:18 a.m.
  • Length: 9:42
Show
View Real Time Build Order
Export as new Build Order

xXkazperXx Zerg - Winner!

Build Orders: Pool First 

Get SALT Encoding   

  12  0:03  Drone  
  13  0:13  Drone  
  14  0:28  Spawning Pool  
  14  0:31  Drone  
  14  0:39  Extractor  
  13  0:44  Overlord  
  13  0:51  Drone  
  14  1:15  Drone x2  
  14  1:16  Drone, Queen  
  19  1:30  Zergling x2  
  20  1:43  Extractor  
  19  1:53  Hatchery  
  18  2:01  Roach Warren  
  18  2:03  Drone  
  18  2:10  Drone  
  19  2:16  Drone  
  20  2:25  Overlord  
  20  2:34  Zergling x2  
  21  2:40  Pneumatized Carapace  
  21  2:59  Roach, Zergling x2  
  21  3:00  Roach  
  26  3:06  Drone  
  27  3:13  Drone  
  28  3:20  Drone x2  
  30  3:32  Lair  
  30  3:44  Zergling x2  
  30  3:45  Zergling x2  
  30  3:46  Roach  
  34  3:51  Drone x2  
  36  4:02  Spine Crawler  
  35  4:11  Metabolic Boost  
  35  4:16  Zergling x2  
  36  4:17  Overlord  
  36  4:34  Drone, Extractor  
  36  4:36  Drone  
  36  4:37  Drone  
  38  4:54  Hydralisk Den  
  38  4:59  Zergling x4  
  39  5:00  Roach x2  
  39  5:03  Overlord  
  39  5:04  Overlord  
  43  5:08  Ravager  
  44  5:32  Hydralisk x4  
  52  5:42  Drone  
  53  5:51  Queen  
  53  5:54  Drone x2  
  57  5:58  Drone  
  57  6:25  Drone x2, Extractor  
  57  6:28  Burrow  
  57  6:29  Drone x2  
  57  6:31  Overlord  
  60  6:49  Drone  
  60  6:50  Drone x2  
  60  6:53  Drone x3  
  66  7:44  Roach x3  
  66  7:48  Overlord x2  
Show
View Real Time Build Order
Export as new Build Order

RANURA DE IA (Fácil) Zerg 

Build Orders: Pool First 

Get SALT Encoding   

  12  0:01  Drone  
  13  0:12  Overlord  
  13  0:17  Drone  
  14  0:30  Drone  
  14  0:35  Drone  
  16  0:43  Spawning Pool  
  16  0:44  Extractor  
  16  0:47  Drone  
  15  0:51  Drone  
  16  0:59  Overlord  
  16  1:31  Zergling x2  
  16  1:32  Queen  
  19  1:33  Roach Warren  
  19  1:35  Extractor  
  19  1:37  Drone, Zergling x2  
  19  1:42  Drone  
  20  1:52  Zergling x2  
  21  2:03  Zergling x2  
  22  2:14  Zergling x2  
  23  2:25  Zergling x2  
  24  2:35  Overlord  
  24  2:39  Drone, Zergling x2  
  26  2:45  Zergling x2  
  26  2:47  Drone  
  28  2:58  Drone  
  29  3:09  Drone  
  30  3:13  Drone, Overlord  
  30  3:17  Drone  
  32  5:36  Roach  
  32  5:37  Drone, Overlord, Lair  
  32  5:41  Drone  
  36  5:44  Hatchery  
  36  5:45  Drone  
  37  5:50  Drone  
  37  5:54  Drone  
  37  5:56  Roach  
  34  6:15  Ravager, Zergling x2  
  34  6:34  Overseer  
  34  6:35  Roach  
  34  6:36  Hydralisk Den  
  34  6:37  Overseer  
  35  6:56  Drone  
  35  7:01  Drone  
  37  7:03  Extractor  
  37  7:05  Drone, Hydralisk  
  37  7:06  Extractor  
  38  7:10  Drone  
  38  7:14  Drone  
  32  7:18  Drone  
  32  7:20  Roach  
  30  7:23  Drone  
  30  7:27  Drone  
  29  7:31  Drone  
  29  7:35  Drone  
  31  7:39  Zergling x2  
  31  7:40  Drone  
  31  7:44  Drone  
  31  7:48  Drone  
  33  7:53  Zergling x2  
  33  7:56  Drone  
  35  8:00  Drone  
  35  8:05  Queen  
  33  8:07  Drone  
  33  8:08  Zergling x2  
  32  8:22  Zergling x2  
  28  8:36  Zergling x2  
  28  8:37  Overseer  
  26  8:48  Overlord  
  19  8:49  Drone  
  19  8:55  Hydralisk  
  10  9:00  Drone  
Tags
 
Add a new tag
Caveats
  • Supply blocks, unpowered buildings, or Contaminate may cause inaccurate times.
  • Supply counts are checked every 10 seconds.